 Dungeon Crawl Stone Soup version 0.28.0-53-g5a82cb258f (console) character file.

Game seed: 17817765774334814037

5252 erker the Transmogrifier (level 10, -1/52 (56) HPs)
             Began as an Octopode Earth Elementalist on July 8, 2022.
             Was a Priest of Cheibriados.
             Slain by a wight
             ... wielding a +3 battleaxe
              (12 damage)
             ... on level 9 of the Dungeon on July 9, 2022.
             The game lasted 01:02:20 (12575 turns).

erker the Transmogrifier (OpEE)                    Turns: 12575, Time: 01:02:20

HP:   -1/52 (56)    AC:  5    Str: 14    XL:     10   Next: 62%
MP:   7/13          EV: 13    Int: 29    God:    Cheibriados [***...]
Gold: 484           SH:  0    Dex: 20    Spells: 3/13 levels left

rFire   + . .      SeeInvis .   b - staff of earth
rCold   + + .      Faith    .   (no shield)
rNeg    . . .      Spirit   .   (helmet restricted)
rPois   .          Reflect  .   (no amulet)
rElec   .          Harm     .   I - ring "Zaeg" {rF+ rC+ Will++}
rCorr   .          Rampage  .   g - ring of protection from cold
Will    ++...                   w - +4 ring of protection
Stlth   ++++......              (no ring)
HPRegen 0.17/turn               (no ring)
MPRegen 0.13/turn               (no ring)
                                (no ring)
                                (no ring)

@: drained, very slow
A: almost no armour, amphibious, 8 rings, camouflage 1, gelatinous body 1,
(nimble swimmer 1), tentacles
a: Renounce Religion, Bend Time, Temporal Distortion


You were on level 9 of the Dungeon.
You worshipped Cheibriados.
Cheibriados was most pleased with you.
You visited 1 branch of the dungeon, and saw 9 of its levels.
You also visited: Sewer and Bailey.

You collected 484 gold pieces.

Inventory:

Hand Weapons
 a - the +7 dagger "Wuptoif" {flame, Str+2 Int+4}
   (You found it on level 5 of the Dungeon)

   It burns those it strikes, dealing additional fire damage.
   Str:       It affects your strength (+2).
   Int:       It affects your intelligence (+4).
Missiles
 u - 2 throwing nets
 v - 21 poisoned darts
 x - 235 stones (quivered)
 F - 2 curare-tipped darts
 J - 19 boomerangs
Magical Staves
 b - a staff of earth (weapon)
 y - a staff of fire
Jewellery
 g - a ring of protection from cold (right tentacle)
 w - a +4 ring of protection (on tentacle)
 I - the ring "Zaeg" (left tentacle) {rF+ rC+ Will++}
   (You found it on level 6 of the Dungeon)

   [ring of protection from cold]

   rF:        It protects you from fire.
   rC:        It protects you from cold.
   Will:      It greatly increases your willpower.
Wands
 E - a wand of paralysis (13)
 O - a wand of flame (12)
Scrolls
 d - 4 scrolls of teleportation
 h - 3 scrolls of enchant armour
 j - 3 scrolls of blinking {unknown}
 l - a scroll of torment {unknown}
 n - 3 scrolls of magic mapping {unknown}
 o - 2 scrolls of fog {unknown}
 p - 2 scrolls of holy word {unknown}
 r - a scroll of fear {unknown}
 t - a scroll of silence {unknown}
 D - 3 scrolls of brand weapon {unknown}
 G - a scroll of amnesia {unknown}
 H - a scroll of enchant weapon {unknown}
 K - a scroll of acquirement {unknown}
Potions
 c - a potion of haste
 e - a potion of flight
 f - a potion of lignification {unknown}
 i - a potion of might {unknown}
 k - 2 potions of curing
 m - a potion of invisibility
 q - a potion of cancellation {unknown}
 s - 2 potions of brilliance {unknown}
 z - 5 potions of heal wounds {unknown}
 A - 3 potions of mutation {unknown}
 B - a potion of degeneration {unknown}
 C - 2 potions of attraction {unknown}
 L - a potion of experience
Miscellaneous
 M - a phial of floods (inert)
 N - a box of beasts


   Skills:
 - Level 6.0 Short Blades
 - Level 2.0 Dodging
 - Level 6.0 Stealth
 - Level 2.0 Spellcasting
 - Level 4.0 Conjurations
 - Level 10.0 Transmutations
 - Level 8.0 Earth Magic
 - Level 4.0 Poison Magic
 + Level 2.0 Invocations


You had 3 spell levels left.
You knew the following spells:

 Your Spells              Type           Power      Damage    Failure   Level
a - Sandblast             Erth           100%       2d20      1%          1
m - Mephitic Cloud        Conj/Pois/Air  18%        N/A       9%          3
p - Petrify               Tmut/Erth      70%        N/A       1%          4
w - Passwall              Tmut/Erth      58%        N/A       1%          2

Your spell library contained the following spells:

 Spells                   Type           Power      Damage    Failure   Level
 Magic Dart               Conj           100%       1d8       1%          1
 Stone Arrow              Conj/Erth      100%       3d13      2%          3
 Freeze                   Ice            8%         1d3       9%          1
 Dazzling Flash           Conj/Hex       28%        N/A       11%         3
 Call Imp                 Summ           2%         N/A       13%         2
 Frozen Ramparts          Ice            4%         1d2       26%         3
 Hailstorm                Conj/Ice       14%        3d5       36%         4
 Cause Fear               Hex            1%         N/A       63%         4
 Dragon Form              Tmut           28%        N/A       75%         7
 Agony                    Necr           2%         N/A       93%         5
 Silence                  Hex/Air        1%         N/A       93%         5
 Dragon's Call            Summ           1%         N/A       100%        9


Dungeon Overview and Level Annotations

Branches:
Dungeon (9/15)             Temple (0/1) D:7           Sewer (visited)
 Bailey (visited)
   Lair: D:8-11         Orc: D:9-12

Altars:
Cheibriados
Dithmenos
Fedhas
Hepliaklqana
Makhleb
Qazlal
Trog
Vehumet
Xom
Yredelemnul
Zin
Beogh

Annotations:
D:6 exclusion: hydra
D:7 Maggie
D:8 1 exclusion
D:9 exclusions: shadow and statue


Innate Abilities, Weirdness & Mutations

You cannot wear most types of armour.
You are amphibious.
You can wear up to eight rings at the same time.
Your skin changes colour to match your surroundings (Stealth+).
Your rubbery body absorbs attacks. (AC +1, EV +1)
((You are camouflaged when in or above water. (Stealth+)))
You have tentacles for arms and can constrict up to eight enemies at once.


Message History

Casting: Passwall (safe; 1% risk of failure)
Confirm with . or Enter, or press ? or * to list all spells.
Aiming: Sandblast (safe; 1% risk of failure)
Press: ? - help, Shift-Dir - straight line, f/p - wight
Aim: a wight, wielding a +3 battleaxe and wearing a +0 robe (84% to hit)
You feel a surge of power!
The blast of sand hits the wight.
The wight is moderately damaged.
x - 237 stones The wight misses you.
Casting: Sandblast (safe; 1% risk of failure)
Confirm with . or Enter, or press ? or * to list all spells.
Aiming: Sandblast (safe; 1% risk of failure)
Press: ? - help, Shift-Dir - straight line, f/p - wight
Aim: a wight, wielding a +3 battleaxe and wearing a +0 robe (moderately damaged, 84% to hit)
You feel a surge of power!
The blast of sand misses the wight.
x - 236 stones
Casting: Sandblast (safe; 1% risk of failure)
Confirm with . or Enter, or press ? or * to list all spells.
Aiming: Sandblast (safe; 1% risk of failure)
Press: ? - help, Shift-Dir - straight line, f/p - wight
Aim: a wight, wielding a +3 battleaxe and wearing a +0 robe (moderately damaged, 84% to hit)
You feel a surge of power!
The blast of sand hits the wight!
The wight is almost destroyed.
x - 235 stones The wight hits you with a +3 battleaxe!
You feel drained.
The wight hits you with a +2 short sword!
You feel drained.
Casting: Sandblast (safe; 1% risk of failure)
Confirm with . or Enter, or press ? or * to list all spells.
Aiming: Passwall (safe; 1% risk of failure)
Press: ? - help, Dir - move target, p - wight A rock wall.
You feel a surge of power!
The wight hits you with a +3 battleaxe!!
The wight hits you with a +2 short sword!
* * * LOW HITPOINT WARNING * * *
You feel drained.
You begin to meditate on the wall.
You continue meditating on the rock.
The wight hits you with a +3 battleaxe!
You die...

#...............# .. #
#..###.....(...###.##
###...#...........#....
.....##..##.##.........
...## ....###..#...#....#.##
..... ....#.#..#.. #....#.#
..... .........#.. #...#..#
##.... .........#._
#.###..###... .........#$.
#.z@#..##..## .........#.8
#.z...##....## .........#
#............#
.........#####...##......###
..#.............####.......#
###.......###..^## #######.#
####....# #####.o ##..##.#
#....# #.##.##.#.# ##....##
#.##.##..#


You could see 2 wights.

Vanquished Creatures
  An orc warlord (Bailey)
  2 trolls
  A wyvern (D:7)
  A human (D:5)
  A steam dragon (D:7)
  A water moccasin (D:8)
  An acid dragon (D:8)
  A hornet zombie (D:8)
  8 orc warriors
  An ice beast (D:6)
  3 sky beasts
  A necrophage (D:5)
  An ogre (D:4)
  A centaur (D:6)
  A kobold brigand (D:7)
  A water moccasin zombie (D:5)
  4 bullfrogs
  2 scorpions
  2 water moccasin skeletons (D:5)
  3 killer bees (D:7)
  2 howler monkeys
  2 centaur zombies
  A bullfrog zombie (D:6)
  Crazy Yiuf (D:4)
  5 orc priests
  2 hounds (D:6)
  A jelly (D:6)
  4 iguanas
  2 orc wizards
  A killer bee zombie (D:6)
  An ogre zombie (D:9)
  A howler monkey zombie (D:8)
  12 gnolls
  4 river rats (Sewer)
  14 adders
  A shadow imp (D:7)
  A white imp (D:7)
  2 ufetubi
  An adder skeleton (D:5)
  3 worms
  A dart slug (D:2)
  46 orcs
  5 endoplasms
  8 giant cockroaches
  11 goblins
  10 hobgoblins
  2 quokkas
  19 ball pythons
  8 bats
  A frilled lizard (Sewer)
  A goblin skeleton (D:9)
  A hobgoblin skeleton (D:9)
  24 kobolds
  9 orc zombies (D:9)
  53 rats
297 creatures vanquished.

Vanquished Creatures (others)
  A giant cockroach (D:3)
  6 plants (D:6)
7 creatures vanquished.

Grand Total: 304 creatures vanquished

Notes
Turn   | Place    | Note
-------+----------+-------------------------------------------
     0 | D:1      | erker the Octopode Earth Elementalist began the quest for
                  | the Orb.
     0 | D:1      | Reached XP level 1. HP: 11/11 MP: 3/3
   353 | D:1      | Reached skill level 1 in Short Blades
   354 | D:1      | Reached XP level 2. HP: 14/17 MP: 1/5
   357 | D:1      | Learned a level 2 spell: Passwall
   867 | D:2      | Reached XP level 3. HP: 21/21 MP: 3/6
   894 | D:2      | Found a faded altar of an unknown god.
  1384 | D:2      | Reached XP level 4. HP: 15/27 MP: 7/7
  2129 | D:3      | Reached XP level 5. HP: 31/31 MP: 5/8
  2187 | D:3      | Found a glowing drain.
  2192 | Sewer    | Entered a sewer
  2479 | Sewer    | Reached skill level 2 in Transmutations
  2664 | Sewer    | Reached XP level 6. HP: 16/36 MP: 3/9
  2714 | Sewer    | Reached skill level 3 in Transmutations
  3059 | Sewer    | Reached skill level 4 in Transmutations
  3348 | D:3      | Learned a level 4 spell: Petrify
  3506 | D:3      | Found a blossoming altar of Fedhas.
  3535 | D:3      | Reached XP level 7. HP: 41/41 MP: 2/10
  3623 | D:3      | Found a shimmering altar of Xom.
  4079 | D:3      | Reached skill level 5 in Earth Magic
  4114 | D:3      | Found a bloodstained altar of Trog.
  5026 | D:4      | Found a shadowy altar of Dithmenos.
  5459 | D:4      | Found a runed translucent door.
  5460 | D:4      | Noticed Crazy Yiuf
  5654 | D:5      | Entered Level 5 of the Dungeon
  5913 | D:5      | Noticed a human
  5914 | D:5      | Found a runed translucent door.
  5918 | D:5      | Found a basalt altar of Yredelemnul.
  5949 | D:5      | Reached skill level 5 in Transmutations
  5949 | D:5      | Reached XP level 8. HP: 46/46 MP: 6/11
  6053 | D:5      | Reached skill level 6 in Transmutations
  6675 | D:5      | Identified the +7 dagger "Wuptoif" {flame, Str+2 Int+4}
  7050 | D:5      | Found a hazy altar of Hepliaklqana.
  7050 | D:5      | Found a stormy altar of Qazlal.
  7195 | D:4      | Reached skill level 5 in Stealth
  7323 | D:4      | Killed Crazy Yiuf
  7878 | D:6      | Noticed a five-headed hydra
  8093 | D:6      | Found a snail-covered altar of Cheibriados.
  8101 | D:6      | Became a worshipper of Cheibriados the Contemplative
  8266 | D:6      | Found a glowing silver altar of Zin.
  8284 | D:6      | Reached XP level 9. HP: 51/51 MP: 10/12
  8316 | D:6      | Identified the ring "Zaeg" {rF+ rC+ Will++}
  8472 | D:6      | Found a burning altar of Makhleb.
  8544 | D:6      | Noticed a troll
  8552 | D:6      | Killed a troll
  8553 | D:6      | Reached skill level 7 in Transmutations
  8861 | D:7      | Found a staircase to the Ecumenical Temple.
  8899 | D:7      | Reached skill level 8 in Transmutations
  9067 | D:7      | Reached * piety under Cheibriados
  9307 | D:7      | Reached skill level 9 in Transmutations
  9437 | D:7      | Noticed Maggie
 10226 | D:8      | Reached skill level 10 in Transmutations
 10238 | D:8      | Reached XP level 10. HP: 30/56 MP: 7/13
 10319 | D:8      | Found a flagged portal.
 10341 | Bailey   | Entered a bailey
 10369 | Bailey   | Reached ** piety under Cheibriados
 10392 | Bailey   | Noticed an orc warlord
 10419 | Bailey   | Reached skill level 5 in Short Blades
 10563 | Bailey   | Found a runed translucent gate.
 10565 | Bailey   | Found a runed translucent gate.
 10570 | Bailey   | Found a runed translucent gate.
 10931 | Bailey   | Learned a level 3 spell: Mephitic Cloud
 11141 | Bailey   | Killed an orc warlord
 11983 | D:8      | Reached *** piety under Cheibriados
 12243 | D:9      | Reached skill level 1 in Invocations
 12506 | D:9      | Found a radiant altar of Vehumet.
 12575 | D:9      | Slain by a wight

Illustrated notes

Levels and vault maps discovered:
D:1:      lemuel_arrival_funnel, layout_basic, st_stairs_13
D:2:      layout_basic, nicolae_ecumenical_oubliette, minmay_indecisive_spiral
D:3:      layout_basic, mainiacjoe_overflow_alcove_2, fedhas_altar_2,
          xom_confusion_cloud, gup_sewer_entry_spiral, minmay_surrounded
D:4:      layout_gridville, nicolae_dithmenos_shadow_blocks, minmay_rat_hole,
          uniq_crazy_yiuf_cottage
D:5:      layout_layer_cave, gammafunk_temple_overflow_wave,
          dk_yredelemnul_ordeal, amethyst_killhole
D:6:      minmay_cornered_nines, layout_loops_ring, lightli_temple_of_fire,
          zin_scriptorium, mainiacjoe_overflow_boulevard
D:7:      layout_basic, minmay_temple_entry_junction, minivault_1, uniq_maggie
D:8:      layout_loops_ring, special_room [special_room_orc], enter_bailey_4
D:9:      layout_cave_pools, vehumet_statue, marbit_many_paths,
          david_lair_shrubbed, zombieorc2_lemuel, grunt_ministairs_7,
          eino_house_with_fridge

Skill      XL: |  1  2  3  4  5  6  7  8  9 10 |
---------------+-------------------------------+-----
Short Blades   | 1 2 3 4 6 |  6.0
Earth Magic    | 4 6 8 |  8.0
Transmutations | 2 4 5 6 10 | 10.0
Stealth        | 4 6 |  6.0
Conjurations   | 4 |  4.0
Poison Magic   | 4 |  4.0
Invocations    | 2 |  2.0
Dodging        | |  2.0
Spellcasting   | |  2.0

Action                   |  1- 3 |  4- 6 |  7- 9 | 10-12 || total
-------------------------+-------+-------+-------+-------++-------
Melee: Dagger            |    43 |    93 |   167 |    82 ||   385
       Constrict         |    13 |    19 |    47 |    26 ||   105
       Tentacles         |    10 |    18 |    40 |    20 ||    88
       Punch             |       |       |     1 |       ||     1
Throw: Stone             |       |     2 |     3 |     1 ||     6
 Cast: Sandblast         |    15 |    65 |    83 |    45 ||   208
       Passwall          |     1 |       |    15 |     6 ||    22
       Petrify           |       |       |    15 |     7 ||    22
       Mephitic Cloud    |       |       |       |     1 ||     1
Evoke: Wand              |       |       |       |     1 ||     1
       Phial of floods   |       |       |       |     1 ||     1
  Use: Scroll            |       |       |     7 |     1 ||     8
       Potion            |       |       |       |     3 ||     3
 Stab: Sleeping          |     7 |    15 |    13 |     2 ||    37
       Petrified         |       |       |    18 |     9 ||    27
       Petrifying        |       |       |     1 |       ||     1
       Confused          |       |       |       |     1 ||     1
Armor: Skin              |     9 |     6 |    19 |    15 ||    49
Dodge: Dodged            |    41 |    55 |   105 |    38 ||   239
